 Dungeon Crawl Stone Soup version 0.21-a0-480-g5da0f0d (webtiles) character file.

35 slep the Slasher (level 3, -2/28 HPs)
             Began as a Barachi Gladiator on Nov 23, 2017.
             Slain by a worm (4 damage)
             ... on level 2 of the Dungeon.
             The game lasted 00:03:02 (737 turns).

slep the Slasher (Barachi Gladiator)                 Turns: 737, Time: 00:03:02

Health: -2/28      AC:  4    Str: 16    XL:     3   Next: 33%
Magic:  3/3        EV: 12    Int:  8    God:
Gold:   92         SH:  3    Dex: 13    Spells: 2/2 levels left

rFire    + . .     SeeInvis .   a - +0 long sword
rCold    x . .     Gourm    .   h - +0 buckler
rNeg     . . .     Faith    .   b - +0 leather armour
rPois    .         Spirit   .   c - +0 helmet
rElec    .         Reflect  .   (no cloak)
rCorr    .         Harm     .   (no gloves)
MR       .....                  (no boots)
Stlth    +.........             (no amulet)
HPRegen  0.09/turn              i - ring of fire
MPRegen  0.08/turn              (no ring)

@: slow
A: +LOS, swims, slowness 1, strong legs 1
a: Hop


You were on level 2 of the Dungeon.
You were not hungry.

You visited 1 branch of the dungeon, and saw 2 of its levels.

You collected 92 gold pieces.

Inventory:

Hand Weapons
 a - a +0 long sword (weapon)
Missiles
 d - 3 throwing nets (quivered)
 m - 3 tomahawks
Armour
 b - a +0 leather armour (worn)
 c - a +0 helmet (worn)
 h - a +0 buckler (worn)
Jewellery
 i - a ring of fire (left hand)
Scrolls
 g - a scroll of enchant armour {unknown}
 k - 2 scrolls of remove curse {unknown}
 n - 3 scrolls of identify {unknown}
 o - a scroll of amnesia {unknown}
 q - a scroll of blinking {unknown}
Potions
 e - a potion of berserk rage {unknown}
 j - 2 potions of curing {unknown}
 l - a potion of invisibility {unknown}
Comestibles
 f - 2 bread rations
 p - 3 meat rations
 r - 3 fruits


   Skills:
 + Level 2.6 Fighting
 + Level 4.3 Long Blades
 + Level 2.0 Throwing
 + Level 0.6 Armour
 + Level 3.9 Dodging
 + Level 0.1 Shields


You had 2 spell levels left.
You didn't know any spells.

Dungeon Overview and Level Annotations

Branches:
Dungeon (2/15)

Altars:


Innate Abilities, Weirdness & Mutations

Shadows flee at your approach. (+LOS)
You can swim through water.
You cover ground slowly.
You can hop short distances.


Message History

The ball python barely misses you. The ball python grabs you.
The ball python constricts you.
You hit the worm.
The worm is severely wounded.
The ball python bites you but does no damage.
The ball python constricts you. The worm bites you but does no damage.
You hit the worm.
The worm is almost dead.
The ball python bites you but does no damage.
The ball python constricts you. The ball python closely misses you.
The ball python constricts you. The worm bites you!
You barely miss the worm.
The worm is almost dead.
The ball python bites you. The ball python constricts you.
The ball python bites you. The ball python constricts you.
You escape the ball python's grasp.
The worm bites you!
* * * LOW HITPOINT WARNING * * *
You block the ball python's attack. The ball python misses you.
The worm bites you.
You die...

#............#
##...
##............#
....#
#...............
....
#.........######
... #
#..............# ..
# #.....#†.......#
# #.....#........#
#
#.....#..Sw...(####
#
#.....#..w@........
#
#.....#....(.......
.
#####.#............
# #.#............ .
#.#.######..... .
#.# ..... #. ....
#. ... ..


You could see 2 worms and a ball python.

Vanquished Creatures
  A dart slug (D:1)
  3 bats
  3 giant cockroaches
  2 goblins
  5 hobgoblins (D:1)
  2 jackals (D:1)
  7 kobolds
  3 frilled lizards
  3 rats
29 creatures vanquished.

Notes
Turn   | Place    | Note
-------+----------+-------------------------------------------
     0 | D:1      | slep the Barachi Gladiator began the quest for the Orb.
     0 | D:1      | Reached XP level 1. HP: 17/17 MP: 1/1
    67 | D:1      | Reached skill level 4 in Long Blades
    74 | D:1      | Reached XP level 2. HP: 12/23 MP: 2/2
   491 | D:1      | Reached XP level 3. HP: 20/28 MP: 3/3
   737 | D:2      | Slain by a worm

Vault maps used:
D:1:      eino_arrival_cavern_e, minivault_14
D:2:      lemuel_zombie_altar_yredelemnul, lemuel_doored_altar, first_bread

Skill      XL: |  1 |
---------------+----+-----
Long Blades    | 4 |  4.3
Fighting       | |  2.6
Throwing       | |  2.0
Armour         | |  0.6
Dodging        | |  3.9
Shields        | |  0.1

Action                   || total
-------------------------++-------
Melee: Long sword        ||    92
Armor: Leather armour    ||    33
Dodge: Dodged            ||    72
Block: Buckler           ||    15
       Rpst.: Long sword ||    19

Table legend:
 A = Spawn XP
 B = Non-spawn XP
 C = Spawn XP percentage of total XP
 D = Spawn monster count
 E = Non-spawn monster count
 F = Spawn count percentage of total count
 G = Total turns spent on level
                    A         B        C        D         E        F      G
               +---------+---------+-------+---------+---------+-------+---------
         Total |       0 |      50 |   0.0 |       0 |      29 |   0.0 |   737
               +---------+---------+-------+---------+---------+-------+---------
           D:1 |       0 |      40 |   0.0 |       0 |      22 |   0.0 |   616
           D:2 |       0 |      10 |   0.0 |       0 |       7 |   0.0 |   121
               +---------+---------+-------+---------+---------+-------+---------
